[Event "Premier"]
[Site "Chess.com"]
[Date "2021.02.14"]
[Round "7"]
[White "Nguyen, Thanh"]
[Black "Anand, Vignesh"]
[Result "1-0"]
[ECO "B30"]
[WhiteElo "2053"]
[BlackElo "2085"]
[PlyCount "57"]
[EventDate "2021.??.??"]
[TimeControl "3600+10"]

1. e4 c5 2. Nc3 e6 3. Nf3 Nc6 4. Bb5 Nge7 5. O-O g6 6. d4 cxd4 7. Nxd4 Bg7 8.
Be3 O-O 9. Qd2 a6 10. Nxc6 bxc6 11. Be2 d5 12. Rad1 Qc7 13. Bc5 Rd8 14. Na4 Rb8
15. f4 e5 16. fxe5 Bxe5 17. Qg5 Bxh2+ 18. Kh1 Bd6 19. Qf6 Bxc5 20. Qxf7+ Kh8
21. Nxc5 Qe5 22. b3 Qd6 23. Rf4 Nf5 24. exf5 Rf8 25. Ne4 Qd8 26. Qa7 Rb4 27.
fxg6 hxg6 28. Nf6 Rxf6 29. Rxb4 {thanhnguyen-sea won by resignation} 1-0

[Event "Premier"]
[Site "Chess.com"]
[Date "2021.02.14"]
[Round "7"]
[White "Haining, Kyle"]
[Black "Moroney, Tim"]
[Result "1-0"]
[ECO "B90"]
[WhiteElo "2288"]
[BlackElo "2048"]
[PlyCount "63"]
[EventDate "2021.??.??"]
[TimeControl "3600+10"]

1. e4 c5 2. Nf3 d6 3. d4 cxd4 4. Nxd4 Nf6 5. Nc3 a6 6. Be3 e5 7. Nb3 Be6 8. Qd2
Be7 9. f3 O-O 10. O-O-O Qc7 11. g4 Rc8 12. Kb1 d5 13. exd5 Nxd5 14. Nxd5 Bxd5
15. Be2 Rd8 16. Qa5 Qxa5 17. Nxa5 b5 18. c4 Be6 19. Bd3 Nd7 20. Be4 Rac8 21.
cxb5 axb5 22. Nc6 Re8 23. Na7 Ra8 24. Bxa8 Rxa8 25. b3 b4 26. Rc1 Nf6 27. Nc6
Bd6 28. Bc5 Bxc5 29. Rxc5 Nd5 30. Rxd5 Bxd5 31. Ne7+ Kf8 32. Nxd5 {5sight won
by resignation} 1-0

[Event "Premier"]
[Site "Chess.com"]
[Date "2021.02.14"]
[Round "7"]
[White "Chang, Eddie"]
[Black "Novitski, Charles"]
[Result "1-0"]
[ECO "B23"]
[WhiteElo "1897"]
[BlackElo "2073"]
[PlyCount "55"]
[EventDate "2021.??.??"]
[TimeControl "3600+10"]

1. e4 c5 2. Nc3 d6 3. f4 Nc6 4. Nf3 Nf6 5. Bc4 g6 6. d3 Bg7 7. O-O O-O 8. Qe1
a6 9. a3 b5 10. Ba2 b4 11. axb4 Nxb4 12. Bb3 Be6 13. Bxe6 fxe6 14. Qe2 Qb6 15.
Kh1 Nd7 16. Ng5 Rf6 17. Qf3 h6 18. e5 Raf8 19. exf6 Rxf6 20. Nge4 Rf5 21. Ng3
Nxc2 22. Nxf5 exf5 23. Qa8+ Kh7 24. Rxa6 Qb3 25. Qd8 Qb7 26. Ra8 g5 27. fxg5
Bxc3 28. Qg8# {pugetsound won by checkmate} 1-0

[Event "Invitational"]
[Site "Chess.com"]
[Date "2021.02.14"]
[Round "7"]
[White "Anoop, Pranav K."]
[Black "Mathews, Dan"]
[Result "1-0"]
[ECO "C10"]
[WhiteElo "1951"]
[BlackElo "1702"]
[PlyCount "81"]
[EventDate "2021.??.??"]
[TimeControl "3600+10"]

1. e4 e6 2. d4 d5 3. Nc3 dxe4 4. Nxe4 Nf6 5. Nxf6+ Qxf6 6. Nf3 Qd8 7. Bd3 Be7
8. O-O O-O 9. c3 Nc6 10. Bf4 Bf6 11. Qc2 g6 12. Rad1 b6 13. Be4 Bb7 14. d5 exd5
15. Bxd5 Nd4 16. Rxd4 Bxd5 17. Rd2 Re8 18. Qc1 Re4 19. Bxc7 Qxc7 20. Rxd5 Rae8
21. Rfd1 Re2 22. h3 Qc4 23. a3 a5 24. R5d2 Rxd2 25. Rxd2 b5 26. Qf1 Qc5 27. Qd3
b4 28. axb4 axb4 29. c4 Rd8 30. Qc2 Rxd2 31. Nxd2 Qd4 32. b3 Be5 33. Nf1 Bf4
34. g3 Be5 35. Qd2 Qb6 36. Ne3 Bc3 37. Qd5 h5 38. c5 Qa5 39. c6 Qa1+ 40. Kg2
Bd4 41. c7 {P_K_A won by resignation} 1-0

[Event "Invitational"]
[Site "Chess.com"]
[Date "2021.02.14"]
[Round "7"]
[White "Van Weerdhuizen, Lane"]
[Black "Leslie, Cameron"]
[Result "1-0"]
[ECO "B22"]
[WhiteElo "1869"]
[BlackElo "2030"]
[PlyCount "37"]
[EventDate "2021.??.??"]
[TimeControl "3600+10"]

1. e4 c5 2. d4 cxd4 3. c3 g6 4. cxd4 d5 5. e5 Nc6 6. Nc3 Bg7 7. Bg5 f6 8. exf6
exf6 9. Bf4 Nge7 10. Nf3 Bg4 11. Be2 O-O 12. h3 Bf5 13. Qb3 Qd7 14. O-O h5 15.
Na4 b6 16. Bb5 g5 17. Bd2 Qd6 18. Rfe1 Be4 19. Rxe4 {LaneVW won by resignation}
1-0

[Event "Invitational"]
[Site "Chess.com"]
[Date "2021.02.14"]
[Round "7"]
[White "Roberts, Teddy"]
[Black "Colombo, Dominic"]
[Result "1/2-1/2"]
[ECO "B51"]
[WhiteElo "1934"]
[BlackElo "1960"]
[PlyCount "155"]
[EventDate "2021.??.??"]
[TimeControl "3600+10"]

1. e4 c5 2. Nf3 d6 3. Bb5+ Nd7 4. O-O a6 5. Bd3 Ngf6 6. c3 b5 7. Bc2 e5 8. d4
Bb7 9. Re1 Be7 10. Nbd2 O-O 11. Nf1 Qc7 12. Ng3 g6 13. Bh6 Rfc8 14. Rc1 a5 15.
h3 a4 16. Bb1 Qa5 17. d5 c4 18. a3 Nc5 19. Nh2 Qd8 20. Qf3 Ncd7 21. Kh1 Rcb8
22. Ngf1 Bf8 23. Bg5 h6 24. Bd2 Nc5 25. Rcd1 Bg7 26. Be3 Ncd7 27. Ng3 Qe7 28.
Rf1 Rf8 29. Rde1 Rae8 30. Qd1 Kh7 31. Nf3 Ng8 32. Ng1 Bc8 33. N1e2 Bb7 34. Nc1
Ngf6 35. Na2 Rd8 36. Nb4 Ne8 37. Qd2 Nc7 38. f4 Na6 39. f5 Nxb4 40. axb4 Ra8
41. Qc1 Nf6 42. Bc2 Ra6 43. Qd2 a3 44. bxa3 Rxa3 45. Ra1 Rfa8 46. Rxa3 Rxa3 47.
fxg6+ fxg6 48. Bb6 Ra8 49. Bd1 Rf8 50. Bf3 Nd7 51. Be3 Ra8 52. Qb2 Qd8 53. Ra1
Qb8 54. Kh2 Bf8 55. Bf2 Be7 56. Nf1 Qd8 57. Rxa8 Bxa8 58. Qa1 Bb7 59. Qa7 Qa8
60. Qxa8 Bxa8 61. h4 Nf6 62. g4 Bb7 63. Kg3 Bd8 64. h5 gxh5 65. gxh5 Bc8 66.
Ba7 Ne8 67. Ne3 Bg5 68. Kf2 Bd7 69. Ke2 Kg7 70. Bb8 Kf7 71. Bg4 Ke7 72. Bxd7
Kxd7 73. Nf5 Bf4 74. Kd1 Bg5 75. Kc2 Bf4 76. Kd1 Bg5 77. Ke2 Bf4 78. Kd1 {
Game drawn by repetition} 1/2-1/2

[Event "Invitational"]
[Site "Chess.com"]
[Date "2021.02.14"]
[Round "7"]
[White "Zhang, Victor"]
[Black "Bell, Harry"]
[Result "1/2-1/2"]
[ECO "B33"]
[WhiteElo "1734"]
[BlackElo "2000"]
[PlyCount "88"]
[EventDate "2021.??.??"]
[TimeControl "3600+10"]

1. e4 c5 2. Nf3 Nc6 3. d4 cxd4 4. Nxd4 Nf6 5. Nc3 h5 6. Be2 e5 7. Ndb5 d6 8.
Bg5 a6 9. Na3 Nd4 10. Nd5 h4 11. c3 Ne6 12. Bxf6 gxf6 13. Nc4 Ng5 14. Bf3 Be6
15. Ncb6 Bxd5 16. Nxd5 Bg7 17. Qd3 Ne6 18. h3 Nc5 19. Qe2 Rc8 20. Bg4 Rc6 21.
O-O Bh6 22. Qf3 Bg5 23. Rfd1 Ne6 24. Bf5 Nf4 25. Nxf4 Bxf4 26. Rd5 Ke7 27. Rad1
Qb6 28. Qe2 Rd8 29. Kh1 Rc5 30. Kg1 a5 31. R5d3 a4 32. Qc2 Qc6 33. Rd5 b5 34.
a3 Rxd5 35. Rxd5 Rb8 36. Qd3 Rb6 37. Bg4 Qc4 38. Be2 Qxd3 39. Bxd3 Bc1 40. Rxb5
Rxb5 41. Bxb5 Bxb2 42. Bxa4 Bxa3 43. Bb5 Bb2 44. c4 Bd4 {Game drawn by
agreement} 1/2-1/2

[Event "Invitational"]
[Site "Chess.com"]
[Date "2021.02.14"]
[Round "7"]
[White "Ackerman, Ryan"]
[Black "Bian, Erin"]
[Result "0-1"]
[ECO "E12"]
[WhiteElo "1922"]
[BlackElo "1795"]
[PlyCount "96"]
[EventDate "2021.??.??"]
[TimeControl "3600+10"]

1. d4 Nf6 2. c4 e6 3. Nf3 b6 4. Bg5 h6 5. Bh4 c5 6. d5 d6 7. Nc3 Be7 8. Bxf6
Bxf6 9. Qc2 Bxc3+ 10. Qxc3 O-O 11. e4 e5 12. Bd3 Nd7 13. g4 Re8 14. Rg1 Nf8 15.
g5 h5 16. h4 Ng6 17. Be2 Bg4 18. Nh2 Bxe2 19. Kxe2 Nxh4 20. Nf1 Ng6 21. Kd2 Nf4
22. Ne3 g6 23. Rg3 a6 24. Ng2 Nxg2 25. Rxg2 b5 26. b3 bxc4 27. Qxc4 Qa5+ 28.
Qc3 Qxc3+ 29. Kxc3 Rab8 30. a3 a5 31. Rg3 Rb5 32. Kc4 Reb8 33. Rf3 Kg7 34. Rh1
a4 35. bxa4 Ra5 36. Rb3 Rxa4+ 37. Kc3 Rba8 38. Ra1 R8a6 39. Kb2 Rxe4 40. f3 Rd4
41. Kc3 Rxd5 42. Kc4 Rd4+ 43. Kb5 Rda4 44. Rd3 R4a5+ 45. Kc4 f6 46. gxf6+ Kxf6
47. Kd5 Ra4 48. Rb3 Rd4# {ErinBian won by checkmate} 0-1

[Event "Championship"]
[Site "Chess.com"]
[Date "2021.02.14"]
[Round "8"]
[White "Lee, Megan"]
[Black "Vijayakumar, Advaith"]
[Result "1-0"]
[ECO "C07"]
[WhiteElo "2329"]
[BlackElo "2026"]
[PlyCount "183"]
[EventDate "2021.??.??"]
[TimeControl "3600+10"]

1. e4 e6 2. d4 d5 3. Nd2 c5 4. exd5 Qxd5 5. dxc5 Nf6 6. Ngf3 Qxc5 7. Nb3 Qc7 8.
Bd3 Bd6 9. O-O Nc6 10. c3 Bd7 11. a4 O-O-O 12. h3 h6 13. Nbd4 Nxd4 14. cxd4 Kb8
15. Bd2 Bc6 16. Rc1 Qd7 17. Bc2 g5 18. Ba5 b6 19. Bc3 Nd5 20. Re1 g4 21. hxg4
Rhg8 22. Ne5 Bxe5 23. Rxe5 h5 24. Be4 Rxg4 25. Bxd5 Bxd5 26. f3 Rg6 27. Rxh5
Rdg8 28. Rh2 Qb7 29. Kf2 Qc7 30. Qh1 Qg3+ 31. Ke3 Qg5+ 32. Kf2 Qg3+ 33. Ke3 Rg4
34. Kd3 Be4+ 35. Ke2 Bb7 36. Re1 Ba6+ 37. Kd1 R4g7 38. d5 Rg5 39. Rh5 Rxh5 40.
Qxh5 Qxg2 41. Qxf7 Rd8 42. Qf4+ Ka8 43. d6 Bb7 44. Re3 Qf1+ 45. Be1 Bc6 46. Kc2
Qa6 47. b3 Qf1 48. Kb2 Qg2+ 49. Ka3 Qc2 50. Rxe6 Bd5 51. Re3 Qc1+ 52. Ka2 Qc2+
53. Ka3 Qc1+ 54. Ka2 Rc8 55. Bc3 Qc2+ 56. Bb2 Qc6 57. Rc3 Qd7 58. Rxc8+ Qxc8
59. Qe5 Qc6 60. Qh8+ Kb7 61. Qh7+ Kc8 62. Qxa7 Qxd6 63. Qa6+ Kd7 64. Qb5+ Kc8
65. Qa6+ Kd7 66. Qd3 Qc6 67. Qd4 Kc8 68. f4 Qe6 69. Qh8+ Kb7 70. Qh7+ Kc8 71.
Qd3 Qc6 72. Qc3 Kb7 73. Qxc6+ Kxc6 74. f5 Kc5 75. Ka3 Bf7 76. Bc1 Kd4 77. f6
Kc3 78. b4 Kc4 79. b5 Kd4 80. Kb4 Kd5 81. Be3 Ke5 82. Bxb6 Kxf6 83. Kc5 Ke7 84.
a5 Kd7 85. Ba7 Bh5 86. Bb8 Bf3 87. Bg3 Kc8 88. Kb6 Be2 89. a6 Bf3 90. Ka7 Be2
91. b6 Bxa6 92. Kxa6 {MeganLee-SEA won by resignation} 1-0

[Event "Championship"]
[Site "Chess.com"]
[Date "2021.02.14"]
[Round "8"]
[White "Sang, Tian"]
[Black "Porter, Ryan"]
[Result "0-1"]
[ECO "C41"]
[WhiteElo "2344"]
[BlackElo "2310"]
[PlyCount "84"]
[EventDate "2021.??.??"]
[TimeControl "3600+10"]

1. e4 d6 2. d4 Nf6 3. Nc3 e5 4. Nf3 exd4 5. Nxd4 Be7 6. Be2 O-O 7. O-O Re8 8.
f4 Bf8 9. Bf3 c5 10. Nde2 Nc6 11. h3 Be6 12. Nd5 Bxd5 13. exd5 Nb4 14. Ng3 g6
15. c3 Na6 16. f5 Bg7 17. Qa4 Nc7 18. fxg6 hxg6 19. Bg5 Qd7 20. Qb3 Nh7 21. Bf4
b5 22. Qc2 Be5 23. Qd2 Qe7 24. Rae1 Bxf4 25. Qxf4 Qxe1 26. Rxe1 Rxe1+ 27. Kf2
Re5 28. b4 c4 29. h4 a5 30. bxa5 Rxa5 31. h5 Rxa2+ 32. Kg1 g5 33. Qg4 Nf6 34.
Qc8+ Nce8 35. Nf5 g4 36. Nh6+ Kf8 37. Nxg4 Ra1+ 38. Kf2 Ra2+ 39. Kg1 Re1+ 40.
Kh2 Nxh5 41. Qf5 Rh1+ 42. Kxh1 Ng3+ {retropwr won by resignation} 0-1

[Event "Championship"]
[Site "Chess.com"]
[Date "2021.02.14"]
[Round "8"]
[White "Levine, Joseph"]
[Black "Airapetian, Chouchanik"]
[Result "0-1"]
[ECO "C54"]
[WhiteElo "2179"]
[BlackElo "2104"]
[PlyCount "156"]
[EventDate "2021.??.??"]
[TimeControl "3600+10"]

1. e4 e5 2. Nf3 Nc6 3. Bc4 Bc5 4. c3 Nf6 5. d3 d6 6. Bb3 h6 7. Nbd2 Bg4 8. Nf1
O-O 9. Ng3 Be6 10. O-O Bb6 11. Re1 Re8 12. Ba4 Bd7 13. h3 Ne7 14. Bxd7 Qxd7 15.
d4 Ng6 16. Be3 Rad8 17. Qc2 c5 18. d5 c4 19. Bd2 Bc5 20. b4 cxb3 21. axb3 Rc8
22. Nf5 Kh7 23. g4 Nf4 24. Bxf4 exf4 25. e5 dxe5 26. Nxe5 Rxe5 27. Rxe5 g6 28.
d6 gxf5 29. Re7 Qxd6 30. Qxf5+ Kg7 31. Rxf7+ Kxf7 32. Qxc8 Bxf2+ 33. Kxf2 Qd2+
34. Kf1 Qd3+ 35. Ke1 Qe3+ 36. Kf1 Qf3+ 37. Kg1 Qg3+ 38. Kf1 Qxh3+ 39. Ke2 Qe3+
40. Kf1 Qf3+ 41. Kg1 Qg3+ 42. Kf1 Qh3+ 43. Ke2 f3+ 44. Kd3 f2+ 45. Ke2 Qg2 46.
Qc4+ Kg7 47. Rf1 Nxg4 48. Qd4+ Kg6 49. Qd6+ Kg5 50. Qe7+ Kh5 51. Qe8+ Kh4 52.
Qd8+ Kh3 53. Qe8 Qd5 54. Rh1+ Kg2 55. Rf1 Qf3+ 56. Kd2 Kxf1 57. Qh5 Qe2+ 58.
Kc1 Qe1+ 59. Kc2 Qe4+ 60. Kd2 Qf4+ 61. Kd1 Ne3+ 62. Kd2 Ng2+ 63. Kd3 Kg1 64.
Qc5 Qe3+ 65. Qxe3 Nxe3 66. Kxe3 f1=Q 67. Kd4 h5 68. Kc5 h4 69. c4 h3 70. b4 h2
71. Kb5 Qf5+ 72. c5 Qd5 73. Ka5 b6+ 74. Ka6 bxc5 75. b5 Qd7 76. Ka5 h1=Q 77.
Ka6 Qhb7+ 78. Ka5 Qdxb5# {Coachchouchan won by checkmate} 0-1

[Event "Championship"]
[Site "Chess.com"]
[Date "2021.02.14"]
[Round "8"]
[White "Readey, John"]
[Black "He, Anthony"]
[Result "1/2-1/2"]
[ECO "E60"]
[WhiteElo "2289"]
[BlackElo "2500"]
[PlyCount "62"]
[EventDate "2021.??.??"]
[TimeControl "3600+10"]

1. d4 Nf6 2. c4 g6 3. g3 c5 4. dxc5 Bg7 5. Nc3 Na6 6. Bg2 Nxc5 7. Nh3 d6 8. Nf4
O-O 9. O-O Bd7 10. Be3 Rc8 11. Rc1 Ng4 12. Bd2 Ne5 13. b3 Bc6 14. Bh3 e6 15.
Be3 Qe7 16. Qd2 Rfd8 17. Rfd1 b6 18. Bg2 Bxg2 19. Kxg2 Ng4 20. f3 Nxe3+ 21.
Qxe3 Rd7 22. Qd2 Qd8 23. e3 a6 24. Nfe2 h5 25. h4 Qc7 26. Nd4 Rdd8 27. Qe2 Qb7
28. Qd2 Kh7 29. Qe2 Kg8 30. Qd2 Kh7 31. Qe2 Kg8 {Game drawn by repetition}
1/2-1/2

[Event "Premier"]
[Site "Chess.com"]
[Date "2021.02.14"]
[Round "8"]
[White "Novitski, Charles"]
[Black "Haining, Kyle"]
[Result "0-1"]
[ECO "B06"]
[WhiteElo "2073"]
[BlackElo "2288"]
[PlyCount "66"]
[EventDate "2021.??.??"]
[TimeControl "3600+10"]

1. e4 g6 2. d4 Bg7 3. Be3 d6 4. Bd3 c5 5. Ne2 Qb6 6. b3 Nc6 7. dxc5 dxc5 8. c3
Qa5 9. O-O Nf6 10. Qd2 O-O 11. Bh6 Rd8 12. Bxg7 Kxg7 13. Qe3 Ng4 14. Qg3 h5 15.
Bc2 h4 16. Qxh4 Rh8 17. Qg3 Nxh2 18. Rd1 Ng4 19. Nd2 c4 20. Nf4 Nce5 21. Nxc4
Nxc4 22. bxc4 e5 23. Nh3 Qc5 24. Rd5 Qxc4 25. Rxe5 Nxe5 26. Qxe5+ f6 27. Qe7+
Qf7 28. Qc5 Bxh3 29. gxh3 Rh5 30. Qb4 Qd7 31. Rd1 Rg5+ 32. Kh2 Qxh3+ 33. Kxh3
Rh8# {5sight won by checkmate} 0-1

[Event "Premier"]
[Site "Chess.com"]
[Date "2021.02.14"]
[Round "8"]
[White "Malugu, Satyajit"]
[Black "Nguyen, Thanh"]
[Result "0-1"]
[ECO "C84"]
[WhiteElo "2156"]
[BlackElo "2053"]
[PlyCount "100"]
[EventDate "2021.??.??"]
[TimeControl "3600+10"]

1. e4 e5 2. Nf3 Nc6 3. Bb5 a6 4. Ba4 Nf6 5. O-O Be7 6. c3 Nxe4 7. Qe2 Nf6 8.
Nxe5 Nxe5 9. Qxe5 O-O 10. d4 d5 11. Bg5 Bd6 12. Bxf6 gxf6 13. Qh5 f5 14. Qh6
Qe7 15. Nd2 Qe6 16. Qh4 Qg6 17. Nf3 Qg4 18. Qg5+ Qxg5 19. Nxg5 b5 20. Bb3 c6
21. f4 Re8 22. g3 Bd7 23. Rae1 a5 24. Kf2 b4 25. Rxe8+ Rxe8 26. Re1 Ra8 27. Ba4
Rb8 28. Nf3 bxc3 29. bxc3 f6 30. Re2 Kf7 31. Nd2 Be6 32. Nb3 Be7 33. Rc2 Rc8
34. Nc5 Bxc5 35. dxc5 Rb8 36. Ke3 Bd7 37. Kd3 Rb1 38. Re2 Rb8 39. Kd4 Rb7 40.
Bb3 Be6 41. Ba4 Bd7 42. Bb3 Be6 43. Bc2 Rb2 44. Bd3 Rb8 45. Ke3 a4 46. Bc2 a3
47. Bb3 d4+ 48. Kxd4 Rd8+ 49. Ke3 Bxb3 50. axb3 Re8+ {thanhnguyen-sea won by
resignation} 0-1

[Event "Premier"]
[Site "Chess.com"]
[Date "2021.02.14"]
[Round "8"]
[White "Whale, Nicholas"]
[Black "Moroney, Tim"]
[Result "1-0"]
[ECO "B25"]
[WhiteElo "2074"]
[BlackElo "2048"]
[PlyCount "59"]
[EventDate "2021.??.??"]
[TimeControl "3600+10"]

1. e4 c5 2. Ne2 d6 3. Nbc3 Nf6 4. g3 g6 5. Bg2 Bg7 6. O-O O-O 7. d3 Nc6 8. h3
Rb8 9. a4 a6 10. Be3 b5 11. axb5 axb5 12. Qd2 Qb6 13. Bh6 b4 14. Na4 Qb5 15.
Bxg7 Kxg7 16. b3 Nd7 17. f4 Nb6 18. Nb2 e6 19. Nc4 Rd8 20. e5 dxe5 21. fxe5
Nxc4 22. bxc4 Qb6 23. Qg5 Rd7 24. Nf4 Rc7 25. Nh5+ Kg8 26. Rf4 Bb7 27. Nf6+ Kg7
28. Rh4 Nd4 29. Qh6+ Kh8 30. Qxh7# {CheeseBreadFuzzyHead won by checkmate} 1-0

[Event "Premier"]
[Site "Chess.com"]
[Date "2021.02.14"]
[Round "8"]
[White "Anand, Vignesh"]
[Black "Razmov, Valentin"]
[Result "1-0"]
[ECO "D45"]
[WhiteElo "2085"]
[BlackElo "1986"]
[PlyCount "59"]
[EventDate "2021.??.??"]
[TimeControl "3600+10"]

1. d4 Nf6 2. c4 c6 3. Nc3 d5 4. e3 e6 5. Nf3 Nbd7 6. Qc2 b6 7. b3 Bb7 8. Bd3
Bd6 9. Bb2 Qe7 10. O-O O-O 11. Rae1 Rac8 12. Qe2 dxc4 13. bxc4 e5 14. dxe5 Nxe5
15. Nxe5 Bxe5 16. f4 Bxc3 17. Bxc3 Ne4 18. Bxe4 Qxe4 19. f5 f6 20. Rf4 Qe7 21.
Rh4 c5 22. Qh5 h6 23. Rg4 Kh7 24. e4 Qf7 25. Rg6 Qxc4 26. Rxg7+ Kxg7 27. Qg6+
Kh8 28. Qxh6+ Kg8 29. Qg6+ Kh8 30. Re3 {VigneshRar won by resignation} 1-0

[Event "Premier"]
[Site "Chess.com"]
[Date "2021.02.14"]
[Round "8"]
[White "Perez, Ignacio"]
[Black "Chang, Eddie"]
[Result "1-0"]
[ECO "D24"]
[WhiteElo "2244"]
[BlackElo "1897"]
[PlyCount "67"]
[EventDate "2021.??.??"]
[TimeControl "3600+10"]

1. d4 d5 2. c4 dxc4 3. Nf3 Nf6 4. Nc3 a6 5. e4 b5 6. e5 Nd5 7. Be2 e6 8. O-O
Be7 9. Ne4 Bb7 10. Nfg5 h6 11. Nh3 Nf4 12. Nxf4 Bxe4 13. Bf3 Bc6 14. Be3 O-O
15. Qe2 Kh8 16. Rad1 Bxf3 17. Qxf3 Nd7 18. h4 Bxh4 19. Qh3 Bg5 20. d5 Bxf4 21.
Bxf4 Nc5 22. Bxh6 gxh6 23. Qxh6+ Kg8 24. Rd4 f5 25. exf6 Kf7 26. dxe6+ Nxe6 27.
Rxd8 Raxd8 28. Qh7+ Kxf6 29. Re1 Rd6 30. f4 Rfd8 31. f5 Nf8 32. Qe7+ Kxf5 33.
Re5+ Kg4 34. Qg5# {CubanKnight67 won by checkmate} 1-0

[Event "Invitational"]
[Site "Chess.com"]
[Date "2021.02.14"]
[Round "8"]
[White "Mathews, Dan"]
[Black "Zhang, Victor"]
[Result "1/2-1/2"]
[ECO "B84"]
[WhiteElo "1702"]
[BlackElo "1734"]
[PlyCount "123"]
[EventDate "2021.??.??"]
[TimeControl "3600+10"]

1. e4 c5 2. Nf3 d6 3. d4 cxd4 4. Nxd4 Nf6 5. Nc3 a6 6. Be2 e6 7. O-O Be7 8. Be3
O-O 9. Nb3 b5 10. Bf3 Bb7 11. Nd2 Nbd7 12. a3 Qc7 13. Be2 Nc5 14. f3 d5 15.
exd5 Nxd5 16. Nxd5 Bxd5 17. Bxc5 Bxc5+ 18. Kh1 Rac8 19. Bd3 Bd4 20. c3 Be5 21.
g3 h6 22. Qe2 Bf6 23. Ne4 Be7 24. Rae1 Bc4 25. Bxc4 Qxc4 26. Qxc4 Rxc4 27. Rd1
a5 28. Rd7 Re8 29. Rfd1 Bf8 30. Rb7 f5 31. Nf2 b4 32. axb4 axb4 33. cxb4 Rxb4
34. Rdd7 Rb8 35. Rxb8 Rxb8 36. Rd2 Kf7 37. Nd3 Kf6 38. Rc2 Rd8 39. Nf4 Bd6 40.
Ne2 Be5 41. f4 Bd4 42. b4 Be3 43. Kg2 Rb8 44. Rb2 e5 45. fxe5+ Kxe5 46. Kf3 Bd4
47. Rb3 Bb6 48. b5 g5 49. h3 Bc5 50. Nc3 h5 51. Na4 Bd6 52. b6 g4+ 53. hxg4
hxg4+ 54. Kf2 Kd5 55. Rb5+ Ke6 56. b7 Kd7 57. Rxf5 Rxb7 58. Rf7+ Kc6 59. Rxb7
Kxb7 60. Nc3 Kc6 61. Ne4 Be5 62. Kg2 {Game drawn by agreement} 1/2-1/2

[Event "Invitational"]
[Site "Chess.com"]
[Date "2021.02.14"]
[Round "8"]
[White "Bian, Erin"]
[Black "Colombo, Dominic"]
[Result "1-0"]
[ECO "B90"]
[WhiteElo "1795"]
[BlackElo "1960"]
[PlyCount "141"]
[EventDate "2021.??.??"]
[TimeControl "3600+10"]

1. e4 c5 2. Nf3 d6 3. d4 cxd4 4. Nxd4 Nf6 5. Nc3 a6 6. Be3 e5 7. Nb3 Be6 8. h3
Be7 9. f4 exf4 10. Bxf4 Nc6 11. Qe2 Nd7 12. O-O-O Nde5 13. Nd5 Bxd5 14. exd5
Bg5 15. g3 Nb8 16. h4 Bf6 17. Nd4 O-O 18. g4 Ng6 19. Bg3 Re8 20. Qh2 Be5 21.
Bxe5 Nxe5 22. Qf4 Nbd7 23. g5 Nf8 24. h5 Rc8 25. Bd3 Nxd3+ 26. Rxd3 Qa5 27. Nb3
Re1+ 28. Rxe1 Qxe1+ 29. Rd1 Qe2 30. Qf5 Re8 31. h6 Qe3+ 32. Kb1 Re5 33. Qc8
Qxg5 34. hxg7 Kxg7 35. Qxb7 Ng6 36. Nd4 Qg4 37. Rf1 Qxd4 38. Qxf7+ Kh6 39. Rh1+
Kg5 40. Qxh7 Qf2 41. a3 Re1+ 42. Rxe1 Qxe1+ 43. Ka2 Qe4 44. Qg8 Kf6 45. Qd8+
Ne7 46. Qxd6+ Kf7 47. Qxa6 Nxd5 48. Qd3 Qe6 49. c4 Nb6 50. b3 Qf6 51. Qh7+ Ke8
52. Qe4+ Kd8 53. Qe2 Qc3 54. Qb2 Qd3 55. a4 Nxc4 56. Qf6+ Kc7 57. Qf7+ Kb6 58.
Qxc4 Qd2+ 59. Ka3 Qd6+ 60. Qb4+ Qxb4+ 61. Kxb4 Ka6 62. a5 Ka7 63. Kb5 Ka8 64.
Kc6 Ka7 65. b4 Kb8 66. b5 Ka7 67. b6+ Ka8 68. b7+ Kb8 69. a6 Ka7 70. Kc7 Kxa6
71. b8=Q {ErinBian won by resignation} 1-0

[Event "Invitational"]
[Site "Chess.com"]
[Date "2021.02.14"]
[Round "8"]
[White "Bell, Harry"]
[Black "Van Weerdhuizen, Lane"]
[Result "1-0"]
[ECO "A41"]
[WhiteElo "2000"]
[BlackElo "1869"]
[PlyCount "69"]
[EventDate "2021.??.??"]
[TimeControl "3600+10"]

1. c4 g6 2. d4 Bg7 3. Nf3 d6 4. g3 Nc6 5. Bg2 e5 6. d5 Nce7 7. e4 f5 8. Nc3 Nf6
9. Bg5 h6 10. Bxf6 Bxf6 11. Qe2 O-O 12. h4 c5 13. O-O-O Bg7 14. Bh3 fxe4 15.
Nxe4 Bxh3 16. Rxh3 Qd7 17. Rhh1 Qg4 18. Ng1 Qxe2 19. Nxe2 Nf5 20. g4 Nd4 21.
Nxd4 cxd4 22. Nxd6 Rxf2 23. Rhf1 Raf8 24. Rxf2 Rxf2 25. Rd2 Rf4 26. c5 e4 27.
c6 bxc6 28. dxc6 e3 29. Re2 Rf2 30. Kd1 Rf1+ 31. Re1 Rf2 32. c7 Rd2+ 33. Kc1 d3
34. c8=Q+ Kh7 35. Rxe3 {hbell11 won on time} 1-0

[Event "Invitational"]
[Site "Chess.com"]
[Date "2021.02.14"]
[Round "8"]
[White "Leslie, Cameron"]
[Black "Roberts, Teddy"]
[Result "1-0"]
[ECO "D36"]
[WhiteElo "2030"]
[BlackElo "1934"]
[PlyCount "121"]
[EventDate "2021.??.??"]
[TimeControl "3600+10"]

1. c4 e6 2. Nc3 d5 3. d4 Nf6 4. cxd5 exd5 5. Bg5 Be7 6. e3 c6 7. Bd3 Nbd7 8.
Qc2 O-O 9. Nf3 Re8 10. O-O Nf8 11. h3 b6 12. Ne5 Bb7 13. Rfc1 Ng6 14. Ne2 Rc8
15. Ng3 a6 16. Nf5 c5 17. Qe2 c4 18. Nxe7+ Qxe7 19. Bf5 Rc7 20. Ng4 Bc8 21.
Bxc8 Rexc8 22. Qf3 h5 23. Nxf6+ gxf6 24. Bxf6 Qe6 25. Bg5 h4 26. Bf4 Rc6 27. a4
Kg7 28. Re1 Qf6 29. Qg4 Kf8 30. Bh6+ Kg8 31. f4 Kh7 32. Bg5 Qh8 33. Rad1 Re8
34. f5 Nf8 35. Qxh4+ Kg8 36. Qf4 f6 37. Bh4 Re4 38. Qg3+ Kf7 39. Qb8 Re7 40.
Bg3 Qg7 41. e4 dxe4 42. d5 Rc5 43. Bd6 Nd7 44. Qd8 Qf8 45. Qxf8+ Kxf8 46. Rxe4
Ne5 47. Bxe7+ Kxe7 48. d6+ Kd7 49. Rh4 Nd3 50. Re4 Kxd6 51. Re6+ Kc7 52. Rxf6
Nxb2 53. Re1 Nxa4 54. Re7+ Kd8 55. Rh7 Ke8 56. g4 Re5 57. Rg6 Kf8 58. Rd6 Ke8
59. Rdd7 c3 60. Ra7 Kf8 61. Rh8# {CamLeslie won by checkmate} 1-0

[Event "Invitational"]
[Site "Chess.com"]
[Date "2021.02.14"]
[Round "8"]
[White "Ackerman, Ryan"]
[Black "Anoop, Pranav K."]
[Result "0-1"]
[ECO "D53"]
[WhiteElo "1922"]
[BlackElo "1951"]
[PlyCount "92"]
[EventDate "2021.??.??"]
[TimeControl "3600+10"]

1. d4 d5 2. c4 e6 3. Nc3 Be7 4. Nf3 Nf6 5. Bg5 h6 6. Bxf6 Bxf6 7. cxd5 exd5 8.
Qb3 c6 9. e3 Qb6 10. Qc2 O-O 11. Bd3 Nd7 12. O-O Re8 13. Rab1 a5 14. a3 Qd8 15.
b4 axb4 16. axb4 b5 17. Ra1 Rxa1 18. Rxa1 Nb6 19. Ra7 Nc4 20. h3 Be6 21. Ra6
Qc8 22. Ra7 Be7 23. Qb1 Qb8 24. Ra6 Qb7 25. Ra2 Ra8 26. Bxc4 bxc4 27. Rxa8+
Qxa8 28. b5 cxb5 29. Nxb5 Qb7 30. Nc3 Qxb1+ 31. Nxb1 Bb4 32. Nbd2 Bd7 33. Kf1
c3 34. Nb3 Ba4 35. Nc1 Ba3 36. Na2 c2 37. Ke2 c1=Q 38. Nxc1 Bxc1 39. Ne5 Kf8
40. Kd3 Bb5+ 41. Kc2 Ba3 42. h4 Bd6 43. Nf3 Bf1 44. g3 Be2 45. Nd2 Bb4 46. Nb3
Be1 {P_K_A won by resignation} 0-1

[Event "Championship"]
[Site "Chess.com"]
[Date "2021.02.15"]
[Round "9"]
[White "He, Anthony"]
[Black "Lee, Megan"]
[Result "1-0"]
[ECO "C54"]
[WhiteElo "2500"]
[BlackElo "2329"]
[PlyCount "77"]
[EventDate "2021.??.??"]
[TimeControl "3600+10"]

1. e4 e5 2. Nf3 Nc6 3. Bc4 Bc5 4. c3 Nf6 5. d4 exd4 6. e5 d5 7. Bb5 Ne4 8. cxd4
Bb4+ 9. Bd2 Bxd2+ 10. Nbxd2 Bd7 11. O-O Nxe5 12. Bxd7+ Nxd7 13. Qb3 Nxd2 14.
Nxd2 Nb6 15. Rfe1+ Kf8 16. a4 a5 17. Qa3+ Kg8 18. Rac1 c6 19. Re7 Rb8 20. Rce1
h6 21. Qf3 Qf8 22. Qb3 Nc4 23. Nxc4 dxc4 24. Qxc4 Rh7 25. d5 Rd8 26. d6 Rh8 27.
d7 Kh7 28. h4 Rg8 29. h5 Kh8 30. Re8 Rxd7 31. Rxf8 Rxf8 32. Qc5 Rfd8 33. Qxa5
Kg8 34. Qb6 Ra8 35. b3 Rc8 36. Re5 Rb8 37. Qe3 Rdd8 38. Re7 b5 39. Qf4 {
0gZPanda won by resignation} 1-0

[Event "Championship"]
[Site "Chess.com"]
[Date "2021.02.15"]
[Round "9"]
[White "Vijayakumar, Advaith"]
[Black "Sang, Tian"]
[Result "0-1"]
[ECO "A83"]
[WhiteElo "2026"]
[BlackElo "2344"]
[PlyCount "76"]
[EventDate "2021.??.??"]
[TimeControl "3600+10"]

1. d4 f5 2. e4 fxe4 3. Nc3 Nf6 4. Bg5 c6 5. f3 d5 6. fxe4 dxe4 7. Bc4 Nbd7 8.
Nge2 Nb6 9. Bb3 a5 10. a4 Nbd5 11. O-O Bg4 12. Qd2 e6 13. Ng3 Bb4 14. h3 Qc7
15. Bh4 Bh5 16. Nxd5 cxd5 17. c3 Be7 18. Nxh5 Nxh5 19. Bxe7 Qxe7 20. c4 Nf6 21.
Rae1 O-O 22. cxd5 exd5 23. Rxf6 Rxf6 24. Bxd5+ Kh8 25. Rxe4 Qd7 26. Bb3 Qf5 27.
Qe2 Raf8 28. Re5 Qf4 29. Rxa5 Qxd4+ 30. Kh2 Qf4+ 31. Kg1 Qg3 32. Bd5 Qc7 33.
Rb5 Rf2 34. Qc4 Qg3 35. Rb3 Qe5 36. Rxb7 Qe1+ 37. Kh2 Rf1 38. g4 Qe5+ {
pawnbing won by resignation} 0-1